 Dungeon Crawl Stone Soup version 0.31-a0-848-gaac375c287 (webtiles) character file.

Game seed: 4066328204600668426

7 porpoise the Poker (level 1, -2/16 HPs)
             Began as a Demonspawn Gladiator on Oct 5, 2023.
             Slain by a gnoll
             ... wielding a +0 spear of venom
              (7 damage)
             ... on level 1 of the Dungeon.
             The game lasted 00:01:10 (220 turns).

porpoise the Poker (Demonspawn Gladiator)            Turns: 220, Time: 00:01:10

Health: -2/16      AC:  4    Str: 14    XL:     1   Next: 83%
Magic:  1/1        EV: 12    Int:  9    God:
Gold:   0          SH:  0    Dex: 14    Spells: 0/0 levels left

rFire   . . .        a - +0 trident
rCold   . . .        (no shield)
rNeg    . . .        f - +0 leather armour
rPois   .            c - +0 helmet
rElec   .            (no cloak)
rCorr   .            (no gloves)
SInv    .            (no boots)
Will    .....        (no amulet)
Stlth   +            (no ring)
HPRegen 0.22/turn    (no ring)
MPRegen 0.07/turn

%: no passive effects
@: lethally poisoned (-2 -> -18)
A: no striking features
a: no special abilities


You were on level 1 of the Dungeon.
You visited 1 branch of the dungeon, and saw 1 of its levels.

Inventory:

Hand Weapons
 a - a +0 trident (weapon)
 b - a +1 hand axe of venom
Missiles
 d - 3 throwing nets (quivered)
 e - a javelin
Armour
 c - a +0 helmet (worn)
 f - a +0 leather armour (worn)
Scrolls
 h - a scroll of immolation {unknown}


   Skills:
 + Level 2.2 Fighting
 * Level 3.0 Polearms
 - Level 1.7 Throwing
 - Level 2.6 Dodging


You couldn't memorise any spells.
You didn't know any spells.
Your spell library was empty.

Dungeon Overview and Level Annotations

Branches:
Dungeon (1/15)

Altars:

Shops:
D:1 (


Message History

You hit the jackal.
The jackal is poisoned.
The jackal closely misses you. The quokka bites you.
The jackal barely misses you.
You are too injured to fight recklessly!
You are too injured to fight recklessly!
You are too injured to fight recklessly!
You closely miss the jackal.
The jackal is moderately wounded.
You hit the quokka.
The quokka looks as sick as possible!
The quokka bites you but does no damage.
The jackal closely misses you. The gnoll closely misses you.
The jackal closely misses you. The quokka barely misses you.
You hit the jackal.
The jackal is heavily wounded.
You hit the quokka but do no damage.
The quokka looks as sick as possible!
You kill the quokka!
You kill the jackal!
The gnoll hits you from afar with a +0 spear of venom.
* * * LOW HITPOINT WARNING * * *
You are lethally poisoned!
The goblin barely misses you. The gnoll hits you but does no damage.
Your Polearms skill increases to level 3!
Your +1 hand axe of venom stops dripping with poison.
a - a +0 trident (weapon)
* * * LOW HITPOINT WARNING * * *
You feel sick.
It was a potion of heal wounds.
You feel much better.
You feel sick. The gnoll hits you but does no damage.
You are lethally poisoned!
The goblin misses you.
You puncture the goblin!
You kill the goblin!
You feel very sick. The gnoll hits you but does no damage.
You are more poisoned.
The ball python bites you but does no damage.
The ball python grabs you. The ball python constricts you.
You hit the ball python.
You kill the ball python!
You feel very sick.
The gnoll hits you from afar with a +0 spear of venom!
You die...

#.................
#......######....#
#.......# #.#..#.#
.#.#####.......# #....#.#
............######.#.#...
###..................
#...########.###.#...
#.#.##.....#........#
...#.@..[...#####.#..#
#.# #)##.....# #.#... ...
..g. .########.#### #)#
###.# # #....# #. #.#
#....# #.. #....# ..#
#.#### #. ###


You could see a gnoll.

Vanquished Creatures
  A ball python (D:1)
  2 goblins (D:1)
  2 jackals (D:1)
  A quokka (D:1)
6 creatures vanquished.

Notes
Turn   | Place    | Note
-------+----------+-------------------------------------------
     0 | D:1      | porpoise the Demonspawn Gladiator began the quest for the
                  | Orb.
     0 | D:1      | Reached XP level 1. HP: 16/16 MP: 1/1
   126 | D:1      | Found Laseikod's Weapon Emporium.
   217 | D:1      | Reached skill level 3 in Polearms
   220 | D:1      | Slain by a gnoll

Illustrated notes

Levels and vault maps discovered:
D:1:      eino_arrival_water_star, layout_basic, serial_shops,
          nicolae_shop_waterfront, minmay_misc_feat_roman, chequers_mini_garden,
          ebering_dispersal_statue_hall, chequers_arboretum,
          grunt_decor_arrowhead

Skill      XL: |  1 |
---------------+----+-----
Polearms       | 3 |  3.0
Fighting       | |  2.2
Throwing       | |  1.7
Dodging        | |  2.6

Action                     || total
---------------------------++-------
  Melee: Hand axe          ||     7
         Trident           ||     4
    Use: Potion            ||     1
 Armour: Leather armour    ||    15
  Dodge: Dodged            ||    12

Table legend: (Time is in decaauts)
 A = Elapsed time spent in this place.
 B = Non-inter-level travel time spent in this place.
 C = Inter-level travel time spent in this place.
 D = Time resting spent in this place.
 E = Time spent auto-exploring this place.
 F = Levels seen in this place.
 G = Mean time per level.
                   A        B        C        D        E       F      G
               +--------+--------+--------+--------+--------+-----+--------+
         Total |    220 |    220 |      0 |      0 |    184 |   1 |  220.0 |
       Dungeon |    220 |    220 |      0 |      0 |    184 |   1 |  220.0 |
               +--------+--------+--------+--------+--------+-----+--------+

Top non-repeatable levels by time:
     D:1: 220 daAuts
